 Dungeon Crawl Stone Soup version 0.26-a0-639-g72c4674329 (webtiles) character file.

Game seed: 12677162412083538265

4613 BattleRest the Blocker (level 10, -7/82 HPs)
             Began as a Minotaur Fighter on Sept 22, 2020.
             Was a High Priest of Okawaru.
             Splashed by Erica's acid (12 damage)
             ... on level 10 of the Dungeon.
             The game lasted 00:20:44 (8763 turns).

BattleRest the Blocker (Minotaur Fighter)           Turns: 8763, Time: 00:20:46

Health: -7/82      AC:  4    Str: 22 (24) XL:     10   Next: 19%
Magic:  9/9        EV:  8    Int:  4 (5)  God:    Okawaru [*****.]
Gold:   635        SH: 12    Dex: 12 (14) Spells: 9/9 levels left

rFire    . . .     SeeInvis .   E - +3 flail (vorpal)
rCold    . . .     Faith    .   c - +0 kite shield
rNeg     . . .     Spirit   .   b - +0 scale mail
rPois    .         Reflect  .   (helmet restricted)
rElec    .         Harm     .   x - +0 cloak
rCorr    .         Rampage  .   k - +0 pair of gloves
MR       .....                  o - +0 pair of boots
Stlth    +.........             (no amulet)
HPRegen  0.23/turn              (no ring)
MPRegen  0.11/turn              (no ring)

@: corroded
A: retaliatory headbutt, horns 2, talons 1, thin skeletal structure 1, agile 1,
frail 1
a: Heroism, Finesse, Renounce Religion


You were on level 10 of the Dungeon.
You worshipped Okawaru.
Okawaru was extremely pleased with you.
You visited 1 branch of the dungeon, and saw 10 of its levels.

You collected 635 gold pieces.

Inventory:

Hand Weapons
 a - a +0 flail
 t - a +0 war axe of freezing
 E - a +3 vorpal flail (weapon)
Armour
 b - a +0 scale mail (worn)
 c - a +0 kite shield (worn)
 k - a +0 pair of gloves (worn)
 o - a +0 pair of boots (worn)
 x - a +0 cloak (worn)
Jewellery
 u - a +4 ring of slaying {unknown}
 w - an uncursed ring of see invisible
 L - an uncursed amulet of the acrobat {unknown}
Wands
 D - a wand of paralysis (10)
 G - a wand of random effects (19)
 I - a wand of iceblast (3)
 J - a wand of acid (12)
Scrolls
 e - 11 scrolls of teleportation {unknown}
 h - 11 scrolls of identify {unknown}
 l - 10 scrolls of remove curse {unknown}
 n - a scroll of immolation {unknown}
 p - a scroll of blinking {unknown}
 q - 2 scrolls of fear {unknown}
 r - a scroll of fog {unknown}
 v - a scroll of magic mapping {unknown}
 y - a scroll of enchant weapon {unknown}
 A - 2 scrolls of enchant armour {unknown}
 B - 2 scrolls of vulnerability {unknown}
 F - 2 scrolls of amnesia {unknown}
Potions
 d - a potion of might
 f - 4 potions of degeneration
 g - 4 potions of lignification
 i - 4 potions of curing
 j - a potion of stabbing {unknown}
 m - a potion of mutation
 z - a potion of ambrosia {unknown}
 C - 2 potions of flight {unknown}
 H - a potion of brilliance {unknown}
 K - a potion of berserk rage {unknown}
 M - a potion of resistance {unknown}
 N - a potion of cancellation {unknown}


   Skills:
 + Level 9.6 Fighting
 - Level 5.2(7.1) Axes
 + Level 7.6(8.3) Maces & Flails
 + Level 9.6 Armour
 + Level 9.7 Shields


You had 9 spell levels left.
You didn't know any spells.
Your spell library contained the following spells:

 Spells                   Type           Power        Failure   Level
 Animate Skeleton         Necr           #.....       94%         1
 Magic Dart               Conj           #...         94%         1
 Pain                     Necr           #...         94%         1
 Vampiric Draining        Necr           #.........   100%        3
 Animate Dead             Necr           #.........   100%        4
 Agony                    Necr           #.......     100%        5


Dungeon Overview and Level Annotations

Branches:
Dungeon (10/15)            Temple (0/1) D:6            Lair (0/6) D:9
    Orc: D:9-12

Altars:
Cheibriados
Gozag
Kikubaaqudgha
Okawaru
Qazlal
Ru
Sif Muna
Trog
Vehumet
Yredelemnul

Shops:
D:4 *   D:8 ?

Annotations:
D:7 3 runed translucent doors, VictorG's ghost, novice MfTm
D:9 Erica; Joseph


Innate Abilities, Weirdness & Mutations

You reflexively headbutt those who attack you in melee.
You have a pair of horns on your head.
You have sharp toenails.
You have a somewhat thin skeletal structure. (Dex +2, Stealth)
You are agile. (Dex +2)
You are frail. (-10% HP)


Message History

You hear a zap.
A bolt of acid appears from out of thin air!
The bolt of acid hits you! The acid corrodes you!
You are splashed with acid!
* * * LOW HITPOINT WARNING * * *
The killer bee completely misses you.
There is a stone staircase leading down here.
The killer bee stings you.
* * * LOW HITPOINT WARNING * * *
You climb downwards.
Reactivating autopickup.
Found a hunting sling.
There is a stone staircase leading up here.
You start resting.
You block something's attack.
Deactivating autopickup; reactivate with Ctrl-A.
You hear a zap.
A bolt of acid appears from out of thin air!
The bolt of acid hits you!
* * * LOW HITPOINT WARNING * * *
The acid corrodes you!
You are splashed with acid!
You die...

#. .. #..
.#
#..######.#
#.........+
..........#
........#
#.....#
#..@..#
#...{......
#........##
#........#
#........#
#.......)#
###......#
#......#


There were no monsters in sight!

Vanquished Creatures
  Pikel (D:7)
  2 wyverns
  Eustachio (D:5)
  Grum (D:9)
  3 orc warriors
  2 sky beasts
  An ice beast (D:8)
  A phantom (D:6)
  A black bear (D:7)
  2 wolves (D:9)
  An ogre (D:8)
  2 centaurs
  A big kobold (D:7)
  5 bullfrogs
  A scorpion (D:4)
  9 wights
  7 killer bees (D:9)
  A howler monkey (D:4)
  2 bullfrog zombies
  A quasit (D:5)
  A centaur zombie (D:8)
  2 bullfrog skeletons
  A hound (D:7)
  3 jellies (D:6)
  5 orc priests
  2 centaur skeletons
  3 iguanas
  5 orc wizards
  8 worker ants
  A hound skeleton (D:6)
  Robin (D:2)
  3 gnolls
  11 adders
  4 shadow imps
  3 white imps
  An ufetubus (D:5)
  An ooze (D:1)
  3 worms
  3 dart slugs (D:1)
  5 leopard geckos
  29 orcs
  6 bats
  8 giant cockroaches
  24 goblins
  11 hobgoblins
  5 jackals
  5 quokkas
  5 frilled lizards
  A giant cockroach zombie (D:5)
  8 kobolds
  A leopard gecko skeleton (D:5)
  A leopard gecko zombie (D:8)
  9 rats
224 creatures vanquished.

Notes
Turn   | Place    | Note
-------+----------+-------------------------------------------
     0 | D:1      | BattleRest the Minotaur Fighter began the quest for the
                  | Orb.
     0 | D:1      | Reached XP level 1. HP: 19/19 MP: 0/0
    65 | D:1      | Reached XP level 2. HP: 27/27 MP: 1/1
   383 | D:1      | Reached XP level 3. HP: 33/33 MP: 2/2
   538 | D:1      | You fall into a shaft and drop 1 floor!
   666 | D:2      | Noticed Robin
   694 | D:1      | Reached XP level 4. HP: 28/40 MP: 3/3
   793 | D:2      | Killed Robin
   918 | D:2      | Found a bloodstained altar of Trog.
  1463 | D:3      | Reached XP level 5. HP: 47/47 MP: 4/4
  1545 | D:3      | Found a basalt altar of Yredelemnul.
  1742 | D:3      | Found an iron altar of Okawaru.
  1761 | D:3      | Became a worshipper of Warmaster Okawaru
  1839 | D:3      | Found an ancient bone altar of Kikubaaqudgha.
  1839 | D:3      | Found a shimmering blue altar of Sif Muna.
  1840 | D:3      | Found a radiant altar of Vehumet.
  1846 | D:3      | Identified Vehumet's Compendium of Conjuration
  2187 | D:4      | Found a stormy altar of Qazlal.
  2220 | D:4      | Reached skill level 5 in Fighting
  2220 | D:4      | Reached skill level 1 in Axes
  2220 | D:4      | Reached skill level 5 in Armour
  2220 | D:4      | Reached skill level 5 in Shields
  2314 | D:4      | Reached XP level 6. HP: 41/56 MP: 5/5
  2529 | D:4      | Found Apuebb's General Store.
  3107 | D:5      | Entered Level 5 of the Dungeon
  3111 | D:5      | Reached * piety under Okawaru
  3366 | D:5      | Reached XP level 7. HP: 62/62 MP: 6/6
  3465 | D:5      | Noticed Eustachio
  3493 | D:5      | Killed Eustachio
  3807 | D:6      | Found a staircase to the Ecumenical Temple.
  3818 | D:6      | Found a snail-covered altar of Cheibriados.
  4052 | D:6      | Found an opulent altar of Gozag.
  4054 | D:6      | Found a sacrificial altar of Ru.
  4377 | D:6      | Reached ** piety under Okawaru
  4377 | D:6      | Reached XP level 8. HP: 67/71 MP: 7/7
  4965 | D:7      | Reached skill level 5 in Axes
  5310 | D:7      | Reached *** piety under Okawaru
  5512 | D:7      | Reached skill level 5 in Maces & Flails
  5547 | D:7      | Noticed VictorG's ghost (novice MfTm)
  5548 | D:7      | Noticed a harpy
  5556 | D:7      | Found a runed translucent gate.
  5556 | D:7      | Found a runed translucent gate.
  5556 | D:7      | Found a runed translucent gate.
  5713 | D:7      | Reached XP level 9. HP: 80/81 MP: 8/8
  5726 | D:7      | Noticed Pikel
  5855 | D:7      | Killed Pikel
  6730 | D:8      | Reached **** piety under Okawaru
  6870 | D:8      | Gained mutation: You have a somewhat thin skeletal
                  | structure. (Dex +2, Stealth) [potion of mutation]
  6870 | D:8      | Gained mutation: You are agile. (Dex +2) [potion of
                  | mutation]
  6870 | D:8      | Gained mutation: You are frail. (-10% HP) [potion of
                  | mutation]
  6870 | D:8      | Gained mutation: You have sharp toenails. [potion of
                  | mutation]
  7192 | D:8      | Found Ahossymu's Magic Scroll Emporium.
  7813 | D:9      | Noticed Erica
  7813 | D:9      | Noticed Joseph
  8194 | D:9      | Noticed Grum
  8209 | D:9      | Killed Grum
  8209 | D:9      | Reached XP level 10. HP: 38/81 MP: 9/9
  8707 | D:9      | Found a staircase to the Lair.
  8738 | D:9      | Noticed a two-headed ogre
  8746 | D:9      | Reached ***** piety under Okawaru
  8755 | D:9      | Identified the +2 robe "Enat Sibbiag" {rElec}
  8762 | D:10     | Entered Level 10 of the Dungeon
  8763 | D:10     | Splashed by Erica's acid

Illustrated notes

Levels and vault maps discovered:
D:1:      psy_arrival_dodecagon, layout_basic
D:2:      minmay_inner_zag, layout_basic, lemuel_round_altar, uniq_robin
D:3:      layout_loops_ring, grunt_temple_overflow_magic_moments,
          yredelemnul_altar_generic, okawaru_ov_weapons_minmay
D:4:      layout_gridville, serial_shops, nicolae_shop_stone,
          grunt_qazlal_clouds
D:5:      layout_rooms, uniq_eustachio
D:6:      layout_basic, overflow_temple_1_default,
          chequers_temple_overflow_statue_of_worship,
          minmay_temple_entry_large_hall
D:7:      layout_basic, gammafunk_ghost_split, uniq_pikel
D:8:      layout_basic, serial_shops, shop
D:9:      layout_loops_ring, zin_academy, xom_shifter_show,
          grunt_temple_overflow_open, lair_entry_dummy, uniq_erica, uniq_joseph,
          uniq_maggie, uniq_grum
D:10:     layout_irregular_city, serial_shops, shop, minmay_st_funbox

Skill      XL: |  1  2  3  4  5  6  7  8  9 |
---------------+----------------------------+-----
Armour         | 4 5 6 7 9 |  9.6
Fighting       | 4 5 6 7 9 |  9.6
Shields        | 4 5 6 7 9 |  9.7
Maces & Flails | 3 4 5 7 |  7.6
Axes           | 1 2 4 5 |  5.2

Action                   |  1- 3 |  4- 6 |  7- 9 | 10-12 || total
-------------------------+-------+-------+-------+-------++-------
Melee: Flail             |   112 |   114 |   217 |    58 ||   501
       Headbutt          |    14 |    26 |    55 |     2 ||    97
       War axe           |       |    66 |   110 |       ||   176
Invok: Heroism           |       |       |       |     1 ||     1
  Use: Potion            |       |       |     5 |     1 ||     6
Armor: Scale mail        |    54 |   111 |   117 |    14 ||   296
       Skin              |       |       |    19 |       ||    19
Dodge: Dodged            |    35 |    76 |    87 |    13 ||   211
Block: Kite shield       |    67 |   112 |   227 |    36 ||   442

Table legend: (Time is in decaauts)
 A = Elapsed time spent in this place.
 B = Non-inter-level travel time spent in this place.
 C = Inter-level travel time spent in this place.
 D = Time resting spent in this place.
 E = Time spent auto-exploring this place.
 F = Levels seen in this place.
 G = Mean time per level.
                   A        B        C        D        E       F      G
               +--------+--------+--------+--------+--------+-----+--------+
         Total |   8924 |   8678 |    246 |   2446 |   4153 |  10 |  892.4 |
       Dungeon |   8924 |   8678 |    246 |   2446 |   4153 |  10 |  892.4 |
               +--------+--------+--------+--------+--------+-----+--------+

Top non-repeatable levels by time:
     D:8: 1712 daAuts
     D:7: 1501 daAuts
     D:6: 1200 daAuts
     D:4: 947 daAuts
     D:3: 818 daAuts
     D:2: 763 daAuts
     D:5: 667 daAuts
     D:1: 660 daAuts
     D:9: 652 daAuts
    D:10: 0 daAuts
